 Dungeon Crawl Stone Soup version 0.30-a0-137-gd8773701ce (webtiles) character file.

Game seed: 2634067506122787633

29908 pokeman the Eclecticist (level 13, -58/70 HPs)
             Began as a Deep Elf Hedge Wizard on Sept 23, 2022.
             Was an Elder of Vehumet.
             Killed from afar by Jorgrun (68 damage)
             ... with an iron shot
             ... on level 13 of the Dungeon.
             The game lasted 00:45:26 (15949 turns).

pokeman the Eclecticist (Deep Elf Hedge Wizard)    Turns: 15949, Time: 00:45:27

Health: -58/70     AC: 14    Str:  7    XL:     13   Next: 17%
Magic:  28/37      EV: 11    Int: 25    God:    Vehumet [****..]
Gold:   826        SH:  5    Dex: 14    Spells: 30/48 levels left

rFire   + + .      SeeInvis .    m - +2 dagger (venom)
rCold   . . .      Faith    .    D - +0 buckler
rNeg    . . .      Spirit   .    y - +0 acid dragon scales
rPois   .          Reflect  .    H - +2 helmet
rElec   .          Harm     .    e - +0 cloak
rCorr   +          Rampage  .    (no gloves)
Will    +....                    C - +2 pair of boots
Stlth   ++........               r - amulet of magic regeneration
HPRegen 0.21/turn                s - ring of protection from fire
MPRegen 0.65/turn                c - ring of protection from fire

@: studying Staves
A: no striking features
a: Renounce Religion


You were on level 13 of the Dungeon.
You worshipped Vehumet.
Vehumet was greatly pleased with you.
You visited 2 branches of the dungeon, and saw 14 of its levels.

You collected 910 gold pieces.
You spent 84 gold pieces at shops.

Inventory:

Hand Weapons
 m - a +2 dagger of venom (weapon)
 U - a +3 longbow of flaming
Missiles
 P - 4 throwing nets
Armour
 e - a +0 cloak (worn)
 y - +0 acid dragon scales (worn)
 z - the +0 robe of the Monk {rF+ Int+5}
   (You found it on level 6 of the Dungeon)

   Int:       It affects your intelligence (+5).
   rF:        It protects you from fire.
 C - a +2 pair of boots (worn)
 D - a +0 buckler (worn)
 H - a +2 helmet (worn)
 K - a scarf of invisibility
Magical Staves
 O - a staff of fire
Jewellery
 c - a ring of protection from fire (right hand)
 f - an amulet of reflection
 r - an amulet of magic regeneration (around neck)
 s - a ring of protection from fire (left hand)
 V - a ring of resist corrosion
Wands
 w - a wand of iceblast (8)
 x - a wand of light (14)
 B - a wand of paralysis (9)
 G - a wand of polymorph (15)
 R - a wand of flame (28)
Scrolls
 a - 4 scrolls of summoning
 b - 5 scrolls of enchant armour
 g - 12 scrolls of teleportation
 j - a scroll of vulnerability {unknown}
 l - 6 scrolls of blinking
 n - 3 scrolls of enchant weapon
 o - 2 scrolls of fear
 q - a scroll of immolation
 t - 7 scrolls of magic mapping
 u - 6 scrolls of amnesia {unknown}
 I - 2 scrolls of silence {unknown}
 Q - 2 scrolls of fog {unknown}
 S - 3 scrolls of noise {unknown}
 Y - a scroll of poison {unknown}
 Z - a scroll of torment {unknown}
Potions
 d - a potion of magic
 h - 2 potions of degeneration
 i - 10 potions of curing
 k - 6 potions of flight
 p - a potion of berserk rage
 v - 3 potions of invisibility
 A - 2 potions of lignification
 E - 3 potions of mutation
 F - 3 potions of attraction
 J - 3 potions of brilliance
 M - 4 potions of heal wounds {unknown}
 N - 2 potions of haste {unknown}
 T - 2 potions of might {unknown}
Miscellaneous
 L - a phial of floods
 W - a lightning rod (4/4)
 X - a tin of tremorstones (2/2)


   Skills:
 - Level 4.0 Fighting
 + Level 4.3 Armour
 - Level 3.0 Dodging
 - Level 3.1 Stealth
 - Level 5.0 Shields
 * Level 18.1 Spellcasting
 + Level 10.7 Conjurations
 - Level 1.1 Summonings
 - Level 11.0 Necromancy
 - Level 1.1 Translocations
 + Level 6.8 Fire Magic
 - Level 1.1 Ice Magic
 - Level 1.4 Air Magic
 - Level 1.0 Earth Magic
 - Level 1.1 Poison Magic
 - Level 1.0 Evocations


You had 30 spell levels left.
You knew the following spells:

 Your Spells              Type           Power      Damage    Failure   Level
a - Magic Dart            Conj           100%       1d8       1%          1
b - Mephitic Cloud        Conj/Pois/Air  44%        N/A       1%          3
c - Call Imp              Summ           28%        N/A       4%          2
d - Blink                 Tloc           56%        N/A       4%          2
e - Cigotuvi's Dreadful   Necr/Pois/Air  90%        N/A       1%          2
f - Stone Arrow           Conj/Erth      100%       3d13      1%          3
g - Freezing Cloud        Conj/Ice/Air   22%        6-21      6%          5

Your spell library contained the following spells:

 Spells                   Type           Power      Damage    Failure   Level
 Frozen Ramparts          Ice            56%        1d9       2%          3
 Sandblast                Erth           56%        2d13      1%          1
 Inner Flame              Hex/Fire       39%        N/A       1%          3
 Slow                     Hex            88%        N/A       4%          1
 Passwall                 Tmut/Erth      20%        N/A       6%          2
 Gell's Gravitas          Tloc           28%        N/A       10%         3
 Lesser Beckoning         Tloc           28%        N/A       10%         3
 Teleport Other           Tloc           28%        N/A       10%         3
 Cause Fear               Hex            11%        N/A       43%         4
 Simulacrum               Ice/Necr       26%        N/A       52%         6
 Discord                  Hex            11%        N/A       100%        8
 Polar Vortex             Ice            14%        N/A       100%        9


Dungeon Overview and Level Annotations

Branches:
Dungeon (13/15)            Temple (1/1) D:7            Lair (0/5) D:10
    Orc (0/2) D:9
 Vaults: D:13-14

Altars:
Ashenzari
Cheibriados
Dithmenos
Elyvilon
Gozag
Hepliaklqana
Kikubaaqudgha
Makhleb
Nemelex Xobeh
Okawaru
Qazlal
Sif Muna
Trog
Vehumet
Wu Jian
Xom
Yredelemnul
Zin

Shops:
D:13 !

Annotations:
D:7 3 runed translucent doors, Newt's ghost, novice DsGl; billz999's ghost, novice TrMo
D:13 Jorgrun


Message History

You resist with significant effort. The grasping roots constrict you!
Casting: Stone Arrow (safe; 1% risk of failure)
Confirm with . or Enter, or press ? or * to list all spells.
Aiming: Stone Arrow (safe; 1% risk of failure)
Press: ? - help, Shift-Dir - straight line, f/p - Jorgrun
Aim: Jorgrun, wielding a +0 vorpal quarterstaff and wearing a +0 robe of fire resistance (noxious fumes, lightly wounded, 63% to hit)
The stone arrow hits Jorgrun!!
Jorgrun is moderately wounded.
Jorgrun is engulfed in noxious fumes.
The grasping roots constrict you!
Casting: Stone Arrow (safe; 1% risk of failure)
Confirm with . or Enter, or press ? or * to list all spells.
Aiming: Stone Arrow (safe; 1% risk of failure)
Press: ? - help, Shift-Dir - straight line, f/p - Jorgrun
Aim: Jorgrun, wielding a +0 vorpal quarterstaff and wearing a +0 robe of fire resistance (noxious fumes, moderately wounded, 63% to hit)
The stone arrow hits Jorgrun!
Jorgrun is heavily wounded.
Jorgrun is engulfed in noxious fumes.
Jorgrun gestures at you while chanting. The iron shot hits you!!
* * * LOW HITPOINT WARNING * * *
The grasping roots constrict you!
* * * LOW HITPOINT WARNING * * *
Unknown command.
You close the door.
The roots lose their grip on you.
Something unseen breaks down the door.
Casting: Stone Arrow (safe; 1% risk of failure)
Confirm with . or Enter, or press ? or * to list all spells.
Aiming: Mephitic Cloud (safe; 1% risk of failure)
Press: ? - help, Shift-Dir - straight line, f/p - Jorgrun
Aim: Jorgrun, wielding a +0 vorpal quarterstaff and wearing a +0 robe of fire resistance (heavily wounded, chance to affect: 29%)
The ball explodes into a vile cloud!
The stinking cloud engulfs Jorgrun but does no damage.
Jorgrun is heavily wounded.
Jorgrun is engulfed in noxious fumes.
Jorgrun mutters some incantations to himself.
Jorgrun is engulfed in noxious fumes.
Jorgrun gestures at you while chanting. The iron shot hits you!!!
Ouch! That really hurt!
You die...

#.###..#....##....#
#.###..#....##....#
#...>..'....##....#
#......#....##.)..#
#......#....##....#
#......#....##....#
#......#....##....#
#.###..#....##....#
#.....@'....#*,,,,*
#......#....#*,,,,*
#......######*,,,,*
#.....g#******,,,######
#.....☼☼.g..#*,^,#.....
#......#....+,,,,#.....
#.####.#....#,,,,#.....
#.####.#,...#....#.....
#......#*#####...#.....


You could see Jorgrun.

Vanquished Creatures
  Frances (D:13)
  Nessos (D:12)
  Harold (D:11)
  3 hydras (D:13)
  An ogre mage (D:12)
  3 two-headed ogres
  3 centaur warriors (D:13)
  A death knight (D:12)
  A boulder beetle (D:12)
  A tengu warrior (D:8)
  A deep elf pyromancer (D:13)
  An orc knight (D:11)
  A harpy (shapeshifter) (D:13)
  4 cyclopes
  4 ugly things
  3 manticores
  Maurice (D:13)
  4 gargoyles
  An unseen horror (D:12)
  A kobold demonologist (D:11)
  An efreet (D:13)
  A troll (D:12)
  4 hornets
  10 slime creatures
  A wyvern (D:7)
  A vampire (D:13)
  3 wraiths
  2 shadows
  6 yaks
  2 vampire mosquitoes
  2 steam dragons
  Grum (D:9)
  4 acid dragons
  5 water moccasins
  2 ice beasts
  4 orc warriors
  2 sky beasts (D:8)
  4 black bears
  4 ogres
  4 wolves (D:9)
  7 centaurs
  2 gnoll sergeants
  6 kobold brigands
  7 bullfrogs
  A scorpion (D:6)
  3 necrophages
  16 wights
  4 killer bees
  3 howler monkeys
  A lava snake (D:11)
  4 hounds
  3 jellies
  6 orc priests
  A gnoll bouda (D:8)
  2 iguanas (D:5)
  5 orc wizards
  9 gnolls
  4 adders
  2 white imps
  3 dart slugs
  34 orcs
  10 ball pythons
  4 endoplasms
  A giant cockroach (D:1)
  6 hobgoblins
  13 jackals
  25 kobolds
  5 quokkas
  5 bats
  3 frilled lizards (D:2)
  13 goblins
  9 rats
317 creatures vanquished.

Vanquished Creatures (others)
  36 plants (D:8)
36 creatures vanquished.

Grand Total: 353 creatures vanquished

Notes
Turn   | Place    | Note
-------+----------+-------------------------------------------
     0 | D:1      | pokeman the Deep Elf Hedge Wizard began the quest for the
                  | Orb.
     0 | D:1      | Reached XP level 1. HP: 10/10 MP: 7/7
   476 | D:1      | Reached XP level 2. HP: 16/16 MP: 6/9
   873 | D:1      | Found a faded altar of an unknown god.
  1265 | D:1      | Reached skill level 5 in Spellcasting
  1472 | D:1      | Reached XP level 3. HP: 20/20 MP: 9/11
  1476 | D:1      | Learned a level 3 spell: Mephitic Cloud
  1479 | D:1      | Learned a level 2 spell: Call Imp
  1482 | D:1      | Learned a level 2 spell: Blink
  1485 | D:1      | Learned a level 2 spell: Cigotuvi's Dreadful Rot
  1720 | D:2      | Reached skill level 1 in Fighting
  2058 | D:2      | Reached skill level 1 in Armour
  2321 | D:3      | Reached XP level 4. HP: 24/25 MP: 13/13
  2345 | D:3      | Learned a level 3 spell: Stone Arrow
  2710 | D:3      | Reached skill level 6 in Spellcasting
  2866 | D:3      | Reached XP level 5. HP: 22/29 MP: 10/15
  3167 | D:3      | You fall into a shaft and drop 1 floor!
  4013 | D:4      | Found a snail-covered altar of Cheibriados.
  4661 | D:5      | Entered Level 5 of the Dungeon
  4661 | D:5      | Noticed an ogre
  4742 | D:5      | Reached skill level 1 in Necromancy
  4742 | D:5      | Reached skill level 1 in Poison Magic
  4743 | D:5      | Killed an ogre
  4744 | D:5      | Reached XP level 6. HP: 34/34 MP: 6/17
  4807 | D:5      | Reached skill level 7 in Spellcasting
  4807 | D:5      | Reached skill level 1 in Earth Magic
  4846 | D:5      | Noticed a water moccasin
  4849 | D:5      | Killed a water moccasin
  4850 | D:5      | Reached skill level 1 in Air Magic
  4931 | D:5      | Noticed a water moccasin
  4934 | D:5      | Killed a water moccasin
  4935 | D:5      | Reached XP level 7. HP: 38/38 MP: 14/20
  5076 | D:5      | Reached skill level 1 in Evocations
  5091 | D:5      | Found a burning altar of Makhleb.
  5399 | D:6      | Reached skill level 8 in Spellcasting
  5568 | D:6      | Identified the +0 robe of the Monk {rF+ Int+5}
  5588 | D:6      | Reached XP level 8. HP: 36/44 MP: 19/22
  5616 | D:6      | Reached skill level 9 in Spellcasting
  6395 | D:7      | Reached skill level 5 in Conjurations
  6475 | D:7      | Reached skill level 10 in Spellcasting
  6538 | D:7      | Found a staircase to the Ecumenical Temple.
  6560 | Temple   | Entered the Ecumenical Temple
  6612 | Temple   | Became a worshipper of Vehumet
  6694 | D:7      | Reached skill level 1 in Shields
  6763 | D:7      | Reached skill level 5 in Necromancy
  6763 | D:7      | Reached XP level 9. HP: 48/48 MP: 17/25
  6887 | D:7      | Paralysed by a hornet for 1 turns
  6890 | D:7      | Reached skill level 11 in Spellcasting
  7416 | D:7      | Found a runed translucent gate.
  7416 | D:7      | Found a runed translucent gate.
  7416 | D:7      | Found a runed translucent gate.
  7422 | D:7      | Noticed Newt's ghost (novice DsGl)
  7422 | D:7      | Noticed billz999's ghost (novice TrMo)
  8122 | D:8      | Reached skill level 12 in Spellcasting
  8205 | D:8      | Reached * piety under Vehumet
  8205 | D:8      | Offered knowledge of Freeze by Vehumet.
  8226 | D:8      | Noticed a manticore
  8234 | D:8      | Killed a manticore
  8235 | D:8      | Reached XP level 10. HP: 36/53 MP: 14/28
  8455 | D:8      | Noticed a cyclops
  8721 | D:8      | Reached skill level 13 in Spellcasting
  8794 | D:8      | Noticed a tengu warrior
  9105 | D:8      | Killed a tengu warrior
  9291 | D:8      | Killed a cyclops
  9417 | D:8      | Learned a level 5 spell: Freezing Cloud
  9616 | D:8      | Reached skill level 14 in Spellcasting
 10200 | D:9      | Reached skill level 1 in Ice Magic
 10276 | D:9      | Noticed Grum
 10296 | D:9      | Killed Grum
 10833 | D:9      | Found a glowing silver altar of Zin.
 10950 | D:9      | Found a staircase to the Orcish Mines.
 10970 | D:9      | Reached skill level 1 in Fire Magic
 11227 | D:10     | Entered Level 10 of the Dungeon
 11259 | D:10     | Reached XP level 11. HP: 58/60 MP: 27/31
 11273 | D:10     | Reached ** piety under Vehumet
 11285 | D:10     | Offered knowledge of Poisonous Vapours by Vehumet.
 11415 | D:10     | Found a sparkling altar of Nemelex Xobeh.
 11552 | D:10     | Found a staircase to the Lair.
 11554 | D:10     | Found a bloodstained altar of Trog.
 11602 | D:10     | Noticed a two-headed ogre
 11619 | D:10     | Killed a two-headed ogre
 11834 | D:10     | Found an iron altar of Okawaru.
 11857 | D:10     | Reached skill level 15 in Spellcasting
 11991 | D:11     | Noticed a red ugly thing
 11999 | D:11     | Killed a red ugly thing
 12161 | D:11     | Noticed an orc knight
 12196 | D:11     | Killed an orc knight
 12354 | D:11     | Offered knowledge of Searing Ray by Vehumet.
 12716 | D:11     | Reached *** piety under Vehumet
 12931 | D:11     | Noticed Harold
 12938 | D:11     | Killed Harold
 12962 | D:11     | Reached skill level 16 in Spellcasting
 13197 | D:11     | Noticed a two-headed ogre
 13201 | D:11     | Killed a two-headed ogre
 13202 | D:11     | Reached XP level 12. HP: 56/66 MP: 27/34
 13486 | D:12     | Noticed Nessos
 13491 | D:12     | Killed Nessos
 13629 | D:12     | Noticed a death knight
 13647 | D:12     | Offered knowledge of Sticky Flame by Vehumet.
 13663 | D:12     | Reached skill level 5 in Fire Magic
 13671 | D:12     | Reached skill level 10 in Necromancy
 13684 | D:12     | Killed a death knight
 13684 | D:12     | Noticed a boulder beetle
 13934 | D:12     | Killed a boulder beetle
 14274 | D:12     | Noticed a two-headed ogre
 14279 | D:12     | Killed a two-headed ogre
 14280 | D:12     | Reached skill level 10 in Conjurations
 14339 | D:12     | Noticed an ogre mage
 14350 | D:12     | Killed an ogre mage
 14351 | D:12     | Reached skill level 17 in Spellcasting
 14778 | D:13     | Noticed Maurice
 14780 | D:13     | Paralysed by Maurice for 4 turns
 14790 | D:13     | Killed Maurice
 14863 | D:13     | Noticed Frances
 14874 | D:13     | Noticed a five-headed hydra
 15009 | D:13     | Noticed a centaur warrior
 15019 | D:13     | Killed a centaur warrior
 15297 | D:13     | Noticed a centaur warrior
 15301 | D:13     | Killed a centaur warrior
 15350 | D:13     | Found Rucigh's Distillery.
 15360 | D:13     | Bought a potion of curing for 42 gold pieces
 15360 | D:13     | Bought a potion of curing for 42 gold pieces
 15378 | D:13     | Noticed a centaur warrior
 15379 | D:13     | Noticed a five-headed hydra
 15384 | D:13     | Killed a centaur warrior
 15385 | D:13     | Killed a five-headed hydra
 15386 | D:13     | Reached XP level 13. HP: 66/70 MP: 18/36
 15431 | D:13     | Killed Frances
 15431 | D:13     | Reached **** piety under Vehumet
 15432 | D:13     | Reached skill level 5 in Shields
 15612 | D:13     | Reached skill level 18 in Spellcasting
 15842 | D:13     | Offered knowledge of Frozen Ramparts by Vehumet.
 15940 | D:13     | Noticed Jorgrun
 15949 | D:13     | Killed from afar by Jorgrun

Illustrated notes

Levels and vault maps discovered:
D:1:      tarquinn_simple_flora_water_e, layout_basic,
          ebering_ecumenical_altar_hall
D:2:      layout_rooms
D:3:      layout_basic
D:4:      layout_loops_ring, cheibriados_altar_1, minmay_manual_macuahuitl
D:5:      layout_gridville, mainiacjoe_overflow_concentric_impassable
D:6:      layout_loops_ring, grunt_decor_fettered
D:7:      layout_cave_pods, minmay_temple_entry_statues_pillars,
          gammafunk_ghost_cemetery, serial_park, serial_park_tiny_1,
          serial_park_avenue1, serial_park_tiny_2, minivault_24
D:8:      nzn_winding_woodlands_cross
          [nzn_winding_woodlands_5x15_river_crossing,
          nzn_winding_woodlands_5x15_concentric,
          nzn_winding_woodlands_5x15_jagged,
          nzn_winding_woodlands_5x15_pathside_ponds,
          nzn_winding_woodlands_15x15_five_gardens], layout_layer_cave,
          minmay_misc_feat_x
D:9:      layout_roguey, zin_scriptorium, minmay_orc_entry_temple_small,
          uniq_grum
D:10:     layout_cross, kennysheep_okawaru_gauntlet, lightli_temple_of_fire,
          mainiacjoe_overflow_alcove_1, lair_entry_dummy
D:11:     layout_loops_ring, special_room [special_room_orc], kennysheep_donut,
          uniq_harold
D:12:     minmay_opposing_rooms, layout_basic, uniq_nessos
D:13:     kennysheep_room_grid, layout_stronghold, serial_shops,
          nicolae_shop_advertising_works [nicolae_subvault_shop_adworks],
          uniq_frances, uniq_jorgrun, uniq_maurice
Temple:   kb_temple_of_zot

Skill      XL: |  1  2  3  4  5  6  7  8  9 10 11 12 13 |
---------------+----------------------------------------+-----
Spellcasting   | 5 6 7 8 10 12 14 16 17 18 | 18.1
Fighting       | 1 2 3 4 |  4.0
Conjurations   | 2 3 4 5 7 8 9 10 | 10.7
Armour         | 1 2 3 4 |  4.3
Dodging        | 3 |  3.0
Stealth        | 3 |  3.1
Necromancy     | 1 3 5 6 8 9 10 11 | 11.0
Poison Magic   | 1 |  1.1
Earth Magic    | 1 |  1.0
Air Magic      | 1 |  1.4
Evocations     | 1 |  1.0
Shields        | 1 3 4 5 |  5.0
Ice Magic      | 1 |  1.1
Fire Magic     | 1 4 6 |  6.8
Summonings     | |  1.1
Translocations | |  1.1

Action                   |  1- 3 |  4- 6 |  7- 9 | 10-12 | 13-15 || total
-------------------------+-------+-------+-------+-------+-------++-------
Melee: Spear             |    16 |       |       |       |       ||    16
       Dagger            |     4 |    14 |    26 |    83 |       ||   127
       Punch             |       |       |       |     2 |       ||     2
 Cast: Magic Dart        |   111 |    75 |    23 |    30 |       ||   239
       Mephitic Cloud    |       |     3 |     5 |    45 |     2 ||    55
       Call Imp          |       |     2 |     1 |     6 |       ||     9
       Stone Arrow       |       |    10 |   100 |   259 |    22 ||   391
       Freezing Cloud    |       |       |       |    11 |     5 ||    16
       Blink             |       |       |       |       |     1 ||     1
  Use: Potion            |       |       |       |     1 |       ||     1
       Scroll            |       |       |       |       |    15 ||    15
 Stab: Distracted        |     1 |       |       |       |       ||     1
       Sleeping          |     2 |       |       |       |       ||     2
       Confused          |       |       |     1 |     5 |       ||     6
Armor: Robe              |     8 |     5 |       |       |       ||    13
       Leather armour    |       |       |    15 |    38 |       ||    53
       Acid dragon scale |       |       |       |    10 |       ||    10
Dodge: Dodged            |    21 |    19 |    19 |    91 |     1 ||   151

Table legend: (Time is in decaauts)
 A = Elapsed time spent in this place.
 B = Non-inter-level travel time spent in this place.
 C = Inter-level travel time spent in this place.
 D = Time resting spent in this place.
 E = Time spent auto-exploring this place.
 F = Levels seen in this place.
 G = Mean time per level.
                   A        B        C        D        E       F      G
               +--------+--------+--------+--------+--------+-----+--------+
         Total |  15950 |  15541 |    409 |   1904 |  11421 |  14 | 1139.3 |
       Dungeon |  15868 |  15487 |    381 |   1904 |  11380 |  13 | 1220.6 |
        Temple |     81 |     53 |     28 |      0 |     41 |   1 |   81.0 |
               +--------+--------+--------+--------+--------+-----+--------+

Top non-repeatable levels by time:
     D:8: 2294 daAuts
     D:1: 1533 daAuts
    D:12: 1485 daAuts
     D:3: 1449 daAuts
     D:7: 1403 daAuts
    D:11: 1392 daAuts
    D:13: 1080 daAuts
     D:9: 1066 daAuts
     D:6: 1045 daAuts
     D:4: 955 daAuts
     D:2: 773 daAuts
    D:10: 760 daAuts
     D:5: 626 daAuts
  Temple: 81 daAuts
